 Dungeon Crawl Stone Soup version 0.27-a0-590-g94244163b4 (webtiles) character file.

Game seed: 15920249778183901001

226 Anon1729 the Cudgeller (level 5, -1/43 HPs)
             Began as a Palentonga Warper on Mar 10, 2021.
             Slain by an ogre
             ... wielding a +0 giant spiked club
              (27 damage)
             ... on level 4 of the Dungeon.
             The game lasted 00:03:39 (4542 turns).

Anon1729 the Cudgeller (Palentonga Warper)          Turns: 4542, Time: 00:03:40

Health: -1/43      AC:  4    Str: 15    XL:     5   Next: 69%
Magic:  8/8        EV:  9    Int: 13    God:
Gold:   137        SH:  0    Dex: 10    Spells: 8/8 levels left

rFire    . . .     SeeInvis +   a - +0 mace
rCold    . . .     Faith    .   (no shield)
rNeg     . . .     Spirit   .   b - +0 leather armour
rPois    .         Reflect  .   (helmet restricted)
rElec    .         Harm     .   (no cloak)
rCorr    .         Rampage  .   (no gloves)
Will     .....                  (no barding)
Stlth    +.........             (no amulet)
HPRegen  0.14/turn              (no ring)
MPRegen  0.11/turn              (no ring)

@: no status effects
A: large, antennae 1, rugged brown scales 3, see invisible, deformed body,
MP-powered wands, roll 1, armoured tail
a: Rolling Charge


You were on level 4 of the Dungeon.
You visited 1 branch of the dungeon, and saw 4 of its levels.

You collected 137 gold pieces.

Inventory:

Hand Weapons
 a - a +0 mace (weapon)
Missiles
 e - 5 boomerangs of dispersal (quivered)
Armour
 b - a +0 leather armour (worn)
 o - a +0 chain mail
Jewellery
 i - a ring of protection from cold
Wands
 m - a wand of digging (6)
Scrolls
 d - 3 scrolls of blinking
 h - 3 scrolls of enchant armour {unknown}
 j - 3 scrolls of identify {unknown}
 k - a scroll of magic mapping {unknown}
 l - a scroll of amnesia {unknown}
 p - a scroll of fear {unknown}
 t - 2 scrolls of teleportation {unknown}
Potions
 g - a potion of mutation
 s - a potion of heal wounds


   Skills:
 - Level 2.1 Fighting
 + Level 5.6 Maces & Flails
 - Level 0.8 Throwing
 - Level 1.0 Armour
 - Level 1.7 Dodging
 - Level 2.1 Spellcasting
 - Level 3.1 Translocations


You had 8 spell levels left.
You didn't know any spells.
Your spell library contained the following spells:

 Spells                   Type           Power      Damage    Failure   Level
 Apportation              Tloc           18%        N/A       9%          1
 Blink                    Tloc           N/A        N/A       13%         2
 Gell's Gravitas          Tloc           4%         N/A       26%         3
 Lesser Beckoning         Tloc           4%         N/A       26%         3
 Teleport Other           Tloc           9%         N/A       26%         3
 Animate Skeleton         Necr           2%         N/A       30%         1
 Corona                   Hex            1%         N/A       30%         1
 Magic Dart               Conj           4%         1d3       30%         1
 Summon Small Mammal      Summ           4%         N/A       30%         1
 Call Imp                 Summ           1%         N/A       43%         2
 Slow                     Hex            1%         N/A       43%         2
 Manifold Assault         Tloc           9%         N/A       65%         4
 Conjure Flame            Conj/Fire      1%         6-21      67%         3
 Mephitic Cloud           Conj/Pois/Air  1%         N/A       67%         3


Dungeon Overview and Level Annotations

Branches:
Dungeon (4/15)
 Temple: D:4-7

Altars:
Okawaru


Innate Abilities, Weirdness & Mutations

You are completely covered in rugged brown scales. (AC +3, +7% HP)
You have supernaturally acute eyesight. (SInv)
Armour fits poorly on your strangely shaped body.
You can roll at nearby foes to attack.
You have a long armoured tail.
You have a pair of small antennae on your head.
You expend magic power (3 MP) to strengthen your wands.


Message History

You are no longer poisoned.
You start resting.
Your transformation is almost over.
You start resting.
You feel less wooden.
Your +0 leather armour unmelds from your body.
You start resting.
You hear the quick rusting of a distant drain.
You start resting.
You hear the quick rusting of a distant drain.
You start resting.
You hear the rapid rusting of a distant drain.
You start resting.
You hear the rapid rusting of a distant drain.
You hear the rapid rusting of a distant drain.
You hear the rapid rusting of a distant drain.
You hear the drain falling apart.
The walls and floor vibrate strangely for a moment.
HP restored.
You see here a frilled lizard skeleton.
Found a club.
A jackal skeleton comes into view.
A jackal skeleton is nearby!
A jackal skeleton is nearby!
A jackal skeleton is nearby!
An ogre comes into view. It is wielding a +0 giant spiked club.
The ogre shouts!
A worker ant comes into view.
Found a stone staircase leading up.
The ogre hits you with a +0 giant spiked club!
You hit the ogre.
The ogre is lightly wounded.
A jackal skeleton comes into view.
A ball python skeleton comes into view.
The ogre barely misses you.
You hit the ogre.
The ogre is moderately wounded.
The worker ant bites you.
The ogre hits you with a +0 giant spiked club!!
Ouch! That really hurt!
You die...

........##
.........##
.###..##..## #..
##.รท## #.#
##..## ## ##..###
##.######...####
...............#
.......@Z........
.Z....OB.........
.................
..............)..
.................
.Z.............<.
................
...............


You could see an ogre, a worker ant, a ball python skeleton and 2 jackal
skeletons.

Vanquished Creatures
  Ijyb (D:3)
  2 worker ants (D:4)
  5 gnolls
  8 adders
  A dart slug (D:1)
  A leopard gecko (D:2)
  2 giant cockroaches
  A goblin (D:1)
  4 hobgoblins
  2 quokkas
  A ball python (D:1)
  3 bats
  4 frilled lizards
  7 kobolds
  A rat (D:2)
43 creatures vanquished.

Notes
Turn   | Place    | Note
-------+----------+-------------------------------------------
     0 | D:1      | Anon1729 the Palentonga Warper began the quest for the Orb.
     0 | D:1      | Reached XP level 1. HP: 18/18 MP: 3/3
   325 | D:1      | Reached skill level 1 in Armour
   325 | D:1      | Reached XP level 2. HP: 20/25 MP: 5/5
   670 | D:2      | Reached XP level 3. HP: 10/31 MP: 6/6
   997 | D:2      | Reached skill level 3 in Maces & Flails
  1767 | D:2      | Reached XP level 4. HP: 26/38 MP: 7/7
  1900 | D:2      | Found an iron altar of Okawaru.
  2379 | D:3      | Noticed Ijyb
  2401 | D:3      | Killed Ijyb
  2402 | D:3      | Reached skill level 4 in Maces & Flails
  2941 | D:3      | Reached XP level 5. HP: 42/43 MP: 8/8
  3169 | D:3      | Gained mutation: You are clumsy. (Dex -2) [potion of
                  | mutation]
  3169 | D:3      | Gained mutation: You have a pair of small antennae on your
                  | head. [potion of mutation]
  3169 | D:3      | Lost mutation: You are clumsy. (Dex -2) [potion of
                  | mutation]
  3169 | D:3      | Gained mutation: You expend magic power (3 MP) to
                  | strengthen your wands. [potion of mutation]
  3193 | D:3      | HP: 2/64 [adder (3)]
  3195 | D:3      | Reached skill level 5 in Maces & Flails
  4193 | D:4      | HP: 2/43 [worker ant (2)]
  4212 | D:4      | HP: 3/64 [poisoned by a worker ant]
  4217 | D:4      | HP: 2/64 [poisoned by a worker ant]
  4224 | D:4      | HP: 2/64 [poisoned by a worker ant]
  4232 | D:4      | HP: 1/64 [poisoned by a worker ant]
  4538 | D:4      | Noticed an ogre
  4542 | D:4      | Slain by an ogre

Illustrated notes

Levels and vault maps discovered:
D:1:      minmay_arrival_glassed_features, layout_rooms
D:2:      layout_loops_ring, lemuel_round_altar
D:3:      layout_basic, uniq_ijyb
D:4:      layout_layer_cave, portal_sewer_entry_d

Skill      XL: |  1  2  3  4  5 |
---------------+----------------+-----
Armour         | 1 |  1.0
Maces & Flails | 3 4 5 |  5.6
Fighting       | |  2.1
Throwing       | |  0.8
Dodging        | |  1.7
Spellcasting   | |  2.1
Translocations | |  3.1

Action                   |  1- 3 |  4- 6 || total
-------------------------+-------+-------++-------
Melee: Mace              |    68 |   147 ||   215
       Tailslap          |     7 |    11 ||    18
  Use: Potion            |       |     9 ||     9
Armor: Leather armour    |    17 |    39 ||    56
       Skin              |       |    29 ||    29
Dodge: Dodged            |    38 |    82 ||   120

Table legend: (Time is in decaauts)
 A = Elapsed time spent in this place.
 B = Non-inter-level travel time spent in this place.
 C = Inter-level travel time spent in this place.
 D = Time resting spent in this place.
 E = Time spent auto-exploring this place.
 F = Levels seen in this place.
 G = Mean time per level.
                   A        B        C        D        E       F      G
               +--------+--------+--------+--------+--------+-----+--------+
         Total |   4587 |   4518 |     69 |   1354 |   2629 |   4 | 1146.8 |
       Dungeon |   4587 |   4518 |     69 |   1354 |   2629 |   4 | 1146.8 |
               +--------+--------+--------+--------+--------+-----+--------+

Top non-repeatable levels by time:
     D:3: 1538 daAuts
     D:2: 1379 daAuts
     D:1: 926 daAuts
     D:4: 742 daAuts
